 Dungeon Crawl Stone Soup version 0.19.4-25-g1b72edd (webtiles) character file.

231 tof the Skirmisher (level 5, -5/46 HPs)
             Began as a Draconian Fighter on Feb 28, 2017.
             Was an Initiate of Ru.
             Slain by Ratty's ghost (7 damage)
             ... while paralysed by Grinder
             ... on level 3 of the Dungeon.
             The game lasted 00:05:49 (2721 turns).

tof the Skirmisher (Draconian Fighter)              Turns: 2721, Time: 00:05:50

Health: -5/46      AC:  8    Str: 18    XL:     5   Next: 73%
Magic:  5/5        EV:  2    Int:  4    God:    Ru [......]
Gold:   93         SH:  0    Dex: 12    Spells: 0 memorised, 4 levels left

rFire  + . .     SeeInvis .     u - +2 whip (venom)
rCold  . . .     Gourm    .     (armour unavailable)
rNeg   . . .     Faith    .     p - +0 shield
rPois  .         Spirit   .     (helmet restricted)
rElec  .         Reflect  .     z - +2 cloak
rCorr  .         Harm     .     (no gloves)
MR     .....                    (no boots)
Stlth  ++........               (no amulet)
                                C - ring of protection from fire
                                w - -4 ring of intelligence (curse)

@: paralysed
A: unfitting armour, cold-blooded, AC +5
a: Renounce Religion


You were on level 3 of the Dungeon.
You worshipped Ru.
Ru was noncommittal.
You were not hungry.

You visited 1 branch of the dungeon, and saw 3 of its levels.

You collected 93 gold pieces.

Inventory:

Hand Weapons
 a - a +0 flail
 u - a +2 whip of venom (weapon)
Armour
 b - a +0 shield
 p - a +0 shield (worn)
 y - a +0 cloak
 z - a +2 cloak (worn)
Jewellery
 w - a cursed -4 ring of intelligence (left hand)
 A - an uncursed ring of resist corrosion
 C - a ring of protection from fire (right hand)
Scrolls
 e - a scroll of recharging {unknown}
 g - a scroll of teleportation {unknown}
 i - 2 scrolls of fog {unknown}
 j - a scroll of immolation {unknown}
 k - 2 scrolls of remove curse
 l - a scroll of magic mapping {unknown}
 o - a scroll of enchant armour {unknown}
 B - a scroll of noise {unknown}
 D - a scroll of random uselessness {unknown}
Potions
 c - a potion of might
 m - a potion of agility {unknown}
 r - 4 potions of curing {unknown}
 t - a potion of berserk rage {unknown}
 v - 2 potions of heal wounds {unknown}
Comestibles
 d - 3 bread rations
 f - a royal jelly
 h - a beef jerky
 n - a slice of pizza
 q - 2 fruits
 s - a meat ration
 x - 4 chunks of flesh


   Skills:
 + Level 4.2 Fighting
 + Level 4.0 Maces & Flails
 + Level 3.3 Dodging
 + Level 1.0 Stealth
 + Level 4.0 Shields


You had 4 spell levels left.
You didn't know any spells.

Dungeon Overview and Level Annotations

Branches:
Dungeon (3/15)

Altars:
Fedhas
Ru
Xom

Annotations:
D:3 Grinder; Ratty's ghost, amateur MiBe


Innate Abilities, Weirdness & Mutations

Your plain brown scales are hard. (AC +5)
You cannot fit into any form of body armour.
You are cold-blooded and may be slowed by cold attacks.


Message History

Ratty's ghost says, "I'll split you in two!"
You block Ratty's ghost's attack. The rat bites you but does no damage.
You block Grinder's attack.
Your shield prevents you from hitting Grinder.
Your tail-slap misses Grinder.
Grinder is almost dead.
Ratty's ghost hits you! You block the rat's attack. Grinder hits you.
* * * LOW HITPOINT WARNING * * *
You writhe in agony.
* * * LOW HITPOINT WARNING * * *
Grinder gestures at you.
You suddenly lose the ability to move!
Ratty's ghost hits you.
* * * LOW HITPOINT WARNING * * *
The rat bites you but does no damage. Grinder gestures at you.
Pain shoots through your body!
* * * LOW HITPOINT WARNING * * *
Ratty's ghost hits you!
You die...

............###.#
.###..........#.#######.
..................$.....
.##############.###.....
# ## ##..########..
##.....#......#
##..............
#........[.....r
#....@W.........
#.....r.....$...
#....5..........
#...............
#...............
##..............
##.....##.....# #######
#####


You could see Grinder, Ratty's ghost and a rat.

Vanquished Creatures
  An orc wizard (D:2)
  Natasha (D:3)
  Ijyb (D:2)
  Robin (D:2)
  7 adders
  An ooze (D:2)
  3 worms
  2 dart slugs
  2 leopard geckos
  An orc (D:3)
  A ball python (D:2)
  7 bats
  11 goblins
  8 hobgoblins
  2 quokkas (D:2)
  2 frilled lizards
  9 kobolds
  9 rats
69 creatures vanquished.

Notes
Turn   | Place    | Note
-------+----------+-------------------------------------------
     0 | D:1      | tof the Draconian Fighter began the quest for the Orb.
     0 | D:1      | Reached XP level 1. HP: 19/19 MP: 1/1
    20 | D:1      | Found a shimmering altar of Xom.
   185 | D:1      | Reached XP level 2. HP: 11/26 MP: 2/2
   885 | D:2      | Reached XP level 3. HP: 29/33 MP: 3/3
  1201 | D:2      | Noticed Ijyb
  1208 | D:2      | Killed Ijyb
  1249 | D:2      | Reached XP level 4. HP: 19/40 MP: 4/4
  1462 | D:2      | Found a sacrificial altar of Ru.
  1584 | D:2      | Became a worshipper of Ru the Awakened
  1609 | D:2      | Noticed Robin
  1638 | D:2      | Killed Robin
  1650 | D:2      | Reached XP level 5. HP: 12/46 MP: 2/5
  2315 | D:3      | Found a blossoming altar of Fedhas.
  2446 | D:3      | Reached skill level 1 in Stealth
  2489 | D:3      | Noticed Natasha
  2503 | D:3      | Killed Natasha
  2691 | D:3      | Noticed Grinder
  2703 | D:3      | Noticed Ratty's ghost (amateur MiBe)
  2719 | D:3      | Paralysed by Grinder for 6 turns
  2720 | D:3      | HP: 2/46 [Grinder/nerve-wracking pain (3)]
  2721 | D:3      | Slain by Ratty's ghost

Skill      XL: |  1  2  3  4  5 |
---------------+----------------+-----
Dodging        | 3 |  3.3
Maces & Flails | 3 4 |  4.0
Fighting       | 4 |  4.2
Stealth        | 1 |  1.0
Shields        | 4 |  4.0

Action                   |  1- 3 |  4- 6 || total
-------------------------+-------+-------++-------
Melee: Flail             |    72 |       ||    72
       Tailslap          |    13 |    14 ||    27
       Whip              |    13 |   148 ||   161
  Use: Scroll            |     1 |       ||     1
 Stab: Invisible         |       |     1 ||     1
       Paralysed         |       |     1 ||     1
       Sleeping          |       |     1 ||     1
  Eat: Chunk             |     1 |     5 ||     6
Armor: Skin              |    22 |    37 ||    59
Dodge: Dodged            |    24 |    47 ||    71
Block: Shield            |    39 |    87 ||   126
